 Dungeon Crawl Stone Soup version 0.15.2 (webtiles) character file.

9804 4tharraofdagon the Grappler (level 11, -10/94 HPs)
             Began as a Ghoul Wizard on Jan 14, 2015.
             Was a Believer of Qazlal.
             Mangled by a slime creature (18 damage)
             ... on Level 11 of the Dungeon on Jan 15, 2015.
             The game lasted 01:09:51 (10458 turns).

4tharraofdagon the Grappler (Ghoul Wizard)         Turns: 10458, Time: 01:09:51

HP -10/94        AC 11     Str 12      XL: 11   Next: 52%
MP  20/20        EV 13     Int 16      God: Qazlal [**....]
Gold 314         SH  3     Dex  7      Spells:  4 memorised,  9 levels left

rFire  . . .     SeeInvis .       - Unarmed
rCold  + . .     Clarity  +     s - +2 robe {MR+}
rNeg   + + +     rCorr    .     (no shield)
rPois  +         rRot     +     b - +1 hat
rElec  .         Spirit   .     K - +2 cloak {MR+}
SustAb +         Warding  .     (no gloves)
rMut   .         Stasis   .     D - +1 pair of boots
Saprov + + +                    C - amulet of clarity
MR     +++..                    E - ring of sustain abilities
                                Y - ring of protection from magic

@: about to teleport, rotting, extremely resistant to hostile enchantments, very
unstealthy
A: rotting body, claws 1, carnivore 3, cold resistance 1, negative energy
resistance 3, poison resistance, saprovore 3, slow healing 1, torment
resistance, unbreathing
a: Upheaval, Renounce Religion


You were on level 11 of the Dungeon.
You worshipped Qazlal.
Qazlal was pleased with you.
You were not hungry.

You visited 3 branches of the dungeon, and saw 14 of its levels.

You collected 529 gold pieces.
You spent 215 gold pieces at shops.

Inventory:

Hand weapons
 I - a +1 blowgun
Missiles
 J - 6 poisoned needles
 W - 3 curare-tipped needles
Armour
 b - a +1 hat (worn)
 s - a +2 robe of magic resistance (worn)
 x - a +2 cloak of darkness
 D - a +1 pair of boots (worn)
 K - a +2 cloak of magic resistance (worn)
 V - the +20 crystal plate armour "Tacsyrch" {Str-1}
   (You acquired it on level 11 of the Dungeon)

   It affects your strength (-1).
Magical devices
 a - a wand of flame (8)
 e - a wand of paralysis (13)
 j - a wand of flame (11)
 v - a wand of confusion (16)
 F - a wand of cold (12)
 M - a wand of confusion (0)
 X - a wand of polymorph (12)
 Z - a wand of magic darts (16)
Comestibles
 i - 8 meat rations
 P - 4 slices of pizza
Scrolls
 g - 4 scrolls of enchant armour
 k - a scroll of summoning {unknown}
 l - 2 scrolls of amnesia
 m - a scroll of blinking
 p - 3 scrolls of fear {unknown}
 u - 4 scrolls of teleportation
 y - a scroll of fog {unknown}
 z - 2 scrolls of magic mapping {unknown}
 A - 3 scrolls of remove curse
 N - a scroll of enchant weapon
 R - 3 scrolls of random uselessness {unknown}
 S - a scroll of silence {unknown}
Jewellery
 C - an amulet of clarity (around neck)
 E - a ring of sustain abilities (right claw)
 Y - a ring of protection from magic (left claw)
Potions
 d - 4 potions of curing
 f - 2 potions of heal wounds
 h - 2 potions of agility
 n - a potion of poison {unknown}
 q - 2 potions of haste
 r - a potion of might
 t - a potion of flight
 w - 2 potions of brilliance
 B - 5 potions of restore abilities
 H - a potion of resistance
 Q - 2 potions of magic
Books
 c - a book of Minor Magic

   Spells                             Type                      Level
   *Magic Dart                        Conjuration                  1
   Blink                              Translocation                2
   Call Imp                           Summoning                    2
   *Repel Missiles                    Charms/Air                   2
   Slow                               Hexes                        2
   *Conjure Flame                     Conjuration/Fire             3
   *Mephitic Cloud                    Conjuration/Poison/Air       3
Rods
 T - a -1 rod of shadows (12/12)
   (You found it on level 8 of the Dungeon)


   Skills:
 + Level 8.3 Fighting
 * Level 6.1 Armour
 + Level 6.2 Dodging
 - Level 2.1 Stealth
 * Level 10.9 Unarmed Combat
 - Level 4.0 Spellcasting
 - Level 2.2 Conjurations
   Level 0.8 Summonings
   Level 0.8 Translocations
 - Level 2.0 Air Magic
 * Level 6.7 Invocations


You had 9 spell levels left.
You knew the following spells:

 Your Spells              Type           Power        Failure   Level  Hunger
a - Magic Dart            Conj           ##..         10%         1    None
b - Repel Missiles        Chrm/Air       #.....       17%         2    ##.....
c - Conjure Flame         Conj/Fire      #.......     34%         3    ###....
d - Mephitic Cloud        Conj/Pois/Air  #.......     34%         3    ###....


Dungeon Overview and Level Annotations

Branches:
Dungeon (12/15)            Temple (1/1) D:5             Orc (1/4) D:11
   Lair (0/8) D:10

Altars:
Ashenzari
Cheibriados
Dithmenos
Elyvilon
Fedhas
Kikubaaqudgha
Makhleb
Nemelex Xobeh
Okawaru
Qazlal
Sif Muna
Trog
Vehumet
Xom
Yredelemnul
Zin
The Shining One

Shops:
D:6 [   D:8 [

Annotations:
D:3 Grinder
D:8 ISO 1285!!!!!!!
D:12 Tutankham's ghost, powerful DgFE


Innate Abilities, Weirdness & Mutations

Your body is rotting away.
You have sharp fingernails.
You are carnivorous and can eat meat at any time.
Your flesh is cold resistant.
You are immune to negative energy.
Your system is resistant to poisons.
You thrive on rotten meat.
You heal slowly when monsters are visible.
You are immune to unholy pain and torment.
You can survive without breathing.


Message History

The slime creature quivers.
The slime creature closely misses you.
There is a stone staircase leading down, spattered with blood here.
A gargoyle comes into view. It is wielding a mace.
The gargoyle hurls a stone arrow at you.
The stone arrow misses you.
The stone arrow hits the slime creature.
Read which item? (? for menu, Esc to quit)
As you read the scroll of teleportation, it crumbles to dust.
You feel strangely unstable. The gargoyle hits you with a mace.
The slime creature hits you!!
* * * LOW HITPOINT WARNING * * *
Unknown command.
You scratch the slime creature. You claw the slime creature!
The slime creature is heavily wounded.
The gargoyle hurls a stone arrow at you.
The stone arrow hits you!
* * * LOW HITPOINT WARNING * * *
The slime creature hits you!!
You die...

#................
#######.#.###.####
#....#.# ###
#.#..#.# #...##.#
##.## .# #.# .#
#9# .# #@# . #J#
#.########### #J#
#...........# #.#
###########.# #.#
#.# #.# #.##
#.########### #.##
#....J.>....# #.#.
###########.# #...


You could see 2 slime creatures and a gargoyle.

Vanquished Creatures
  An ugly thing (D:11)
  Maurice (D:10)
  Joseph (D:8)
  A two-headed ogre (D:9)
  A slime creature (D:11)
  A hill giant zombie (D:7)
  2 wyverns (D:9)
  10 yaks
  A hippogriff (D:9)
  4 vampire mosquitoes
  3 wargs
  A soldier ant (D:11)
  2 water moccasins
  5 orc warriors
  2 black bears
  7 centaurs
  An ice beast (D:10)
  2 sky beasts
  A yellow wasp (D:12)
  A necrophage (D:10)
  5 ogres
  Sigmund (D:7)
  Duvessa (D:8)
  6 giant frogs
  Blork the orc (D:4)
  A wyvern zombie (D:8)
  3 big kobolds
  3 scorpions
  6 killer bees
  3 wights (D:7)
  6 crimson imps
  Dowan (D:8)
  4 goliath beetles (D:6)
  A quasit (D:9)
  3 hounds
  11 orc priests
  7 orc wizards
  3 jellies
  4 iguanas
  A two-headed ogre zombie (D:8)
  A black bear skeleton (D:6)
  5 worker ants
  Ijyb (D:3)
  Jessica (D:2)
  A big kobold skeleton (D:9)
  An ogre skeleton (D:5)
  A hound zombie (D:5)
  Terence (D:3)
  A hound skeleton (D:5)
  A worker ant zombie (D:9)
  10 adders
  4 shadow imps
  2 worms
  4 giant mites
  An adder skeleton (D:8)
  33 orcs
  14 bats
  7 giant cockroaches
  8 hobgoblins
  6 jackals (D:3)
  29 kobolds
  5 quokkas
  A ball python (D:3)
  7 giant geckos
  A giant gecko skeleton (D:5)
  4 giant newts
  A giant spore (D:11)
  6 goblins
  2 hobgoblin skeletons
  A jackal skeleton (D:7)
  A kobold zombie (D:5)
  2 orc skeletons
  2 orc zombies
  A quokka zombie (D:5)
  12 rats
  9 ballistomycetes
306 creatures vanquished.

Vanquished Creatures (others)
  A giant spore (D:7)
1 creature vanquished.

Grand Total: 307 creatures vanquished

Notes
Turn   | Place    | Note
--------------------------------------------------------------
     0 | D:1      | 4tharraofdagon, the Ghoul Wizard, began the quest for the Orb.
     0 | D:1      | Reached XP level 1. HP: 14/14 MP: 3/3
   148 | D:1      | Reached skill level 1 in Conjurations
   484 | D:1      | Reached XP level 2. HP: 19/19 MP: 1/5
   506 | D:1      | Learned a level 2 spell: Repel Missiles
   720 | D:2      | Reached skill level 1 in Fighting
   720 | D:2      | Reached skill level 1 in Unarmed Combat
   781 | D:2      | Reached XP level 3. HP: 20/27 MP: 2/6
   820 | D:2      | Learned a level 3 spell: Conjure Flame
   888 | D:2      | Noticed Jessica
   893 | D:2      | Killed Jessica
  1072 | D:3      | Reached skill level 3 in Spellcasting
  1072 | D:3      | Reached XP level 4. HP: 36/36 MP: 1/8
  1155 | D:3      | Reached skill level 1 in Air Magic
  1160 | D:3      | Noticed Ijyb
  1247 | D:3      | Killed Ijyb
  1450 | D:3      | Noticed Terence
  1476 | D:3      | Killed Terence
  1476 | D:3      | Reached XP level 5. HP: 27/42 MP: 10/10
  1515 | D:3      | Noticed Grinder
  1673 | D:4      | Learned a level 3 spell: Mephitic Cloud
  1879 | D:4      | Reached XP level 6. HP: 47/51 MP: 10/12
  1895 | D:4      | Noticed Blork the orc
  2445 | D:3      | Found a deep blue altar of Sif Muna.
  2783 | D:4      | Killed Blork the orc
  2940 | D:4      | Reached skill level 4 in Fighting
  2962 | D:4      | Reached XP level 7. HP: 50/58 MP: 2/12
  3298 | D:5      | Entered Level 5 of the Dungeon
  3370 | D:5      | Found a staircase to the Ecumenical Temple.
  3376 | Temple   | Entered the Ecumenical Temple
  3707 | D:5      | Reached skill level 1 in Armour
  3948 | D:6      | Reached skill level 5 in Unarmed Combat
  3948 | D:6      | Reached XP level 8. HP: 63/67 MP: 12/15
  4491 | D:6      | Reached skill level 5 in Fighting
  4547 | D:5      | Reached skill level 6 in Unarmed Combat
  4750 | D:6      | Found Ceufakhug's Armour Boutique.
  4769 | D:6      | Bought a +2 cloak of magic resistance for 215 gold pieces
  4998 | D:7      | Noticed Sigmund
  5020 | D:7      | Killed Sigmund
  5244 | D:7      | Reached skill level 7 in Unarmed Combat
  5244 | D:7      | Reached XP level 9. HP: 42/75 MP: 9/18
  5290 | D:7      | Found a glowing golden altar of the Shining One.
  5869 | D:8      | Noticed Duvessa
  5872 | D:8      | Reached skill level 8 in Unarmed Combat
  5873 | D:8      | Noticed Dowan
  5885 | D:8      | Killed Duvessa
  5898 | D:8      | Killed Dowan
  6095 | D:8      | Noticed Joseph
  6151 | D:8      | Killed Joseph
  6353 | D:8      | Found a stormy altar of Qazlal.
  6395 | D:7      | Reached skill level 9 in Unarmed Combat
  6395 | D:7      | Reached XP level 10. HP: 31/84 MP: 3/18
  6569 | D:8      | Became a worshipper of Qazlal Stormbringer
  6614 | D:8      | Found Qauwkarph's Antique Armour Emporium.
  6722 | D:8      | Reached skill level 1 in Invocations
  6916 | D:9      | Reached skill level 5 in Dodging
  7157 | D:9      | Identified a -1 rod of shadows (12/12) (You found it on level 8 of the Dungeon)
  7387 | D:9      | Found a radiant altar of Vehumet.
  7442 | D:9      | Acquired Qazlal's first power
  7442 | D:9      | Reached skill level 5 in Armour
  7600 | D:9      | Found a snail-covered altar of Cheibriados.
  7632 | D:10     | Entered Level 10 of the Dungeon
  7734 | D:10     | Found a staircase to the Lair.
  7735 | D:10     | Noticed Maurice
  8356 | D:10     | Reached skill level 10 in Unarmed Combat
  8366 | D:10     | Reached skill level 5 in Invocations
  8404 | D:10     | Reached XP level 11. HP: 34/93 MP: 7/20
  9143 | D:10     | Killed Maurice
  9207 | D:11     | Noticed a seven-headed hydra
  9539 | D:11     | Found a staircase to the Orcish Mines.
  9571 | D:11     | Acquired Qazlal's second power
  9683 | D:11     | Identified a scroll of acquirement
  9684 | D:11     | Got an ancient crystal plate armour
  9696 | D:11     | Identified the +20 crystal plate armour "Tacsyrch" {Str-1} (You acquired it on level 11 of the Dungeon)
  9696 | D:11     | rotfl
  9913 | D:12     | Noticed Tutankham's ghost (powerful DgFE)
 10321 | Orc:1    | Entered Level 1 of the Orcish Mines
 10458 | D:11     | Mangled by a slime creature

Action                   |  1- 3 |  4- 6 |  7- 9 | 10-12 || total
-------------------------+-------+-------+-------+-------++-------
Melee: Unarmed           |    28 |   274 |   587 |   515 ||  1404
 Fire: Blowgun           |       |     9 |       |       ||     9
 Cast: Magic Dart        |    50 |    46 |    31 |     5 ||   132
       Mephitic Cloud    |       |     9 |    30 |    19 ||    58
       Repel Missiles    |       |     1 |       |       ||     1
       Conjure Flame     |       |       |     5 |     4 ||     9
Evoke: Wand              |       |       |     1 |    14 ||    15
  Use: Scroll            |     6 |     4 |     4 |     9 ||    23
       Potion            |       |       |     2 |     2 ||     4
 Stab: Confused          |       |     3 |    19 |    16 ||    38
       Sleeping          |       |       |     2 |       ||     2
  Eat: Chunk             |     9 |    24 |    59 |    53 ||   145
